 Dungeon Crawl Stone Soup version 0.14.0-7-g2801ba0 (webtiles) character file.

167 Qrupt the Twirler (level 4, 0/33 HPs)
             Began as a Human Gladiator on Apr 13, 2014.
             Slain by Grinder (5 damage)
             ... while paralysed by Grinder
             ... on Level 2 of the Dungeon.
             The game lasted 00:04:59 (1658 turns).

Qrupt the Twirler (Human Gladiator)                 Turns: 1658, Time: 00:04:59

HP   0/33        AC  6     Str 16      XL: 4   Next: 77%
MP   4/4         EV  2     Int  9      God:
Gold 81          SH  0     Dex 14      Spells:  0 memorised,  3 levels left

rFire  . . .     SeeInvis +     a - +0 quarterstaff
rCold  . . .     Clarity  .     b - +0 leather armour
rNeg   . . .     Conserve .     (no shield)
rPois  .         rCorr    .     c - +0 helmet
rElec  .         rRot     .     (no cloak)
SustAb . .       Spirit   .     p - +1 pair of gloves
rMut   .         Warding  .     (no boots)
Saprov . . .     Stasis   .     (no amulet)
MR     .....                    y - ring of see invisible
                                g - +1 ring of dexterity

@: paralysed, not resistant to hostile enchantments, unstealthy
A: no striking features
a: no special abilities


You were on level 2 of the Dungeon.
You were hungry.

You visited 1 branch of the dungeon, and saw 3 of its levels.

You collected 81 gold pieces.

Inventory:

Hand weapons
 a - a +0,+0 quarterstaff (weapon)
Missiles
 d - 2 throwing nets (quivered)
 e - 18 darts
Armour
 b - a +0 leather armour (worn)
 c - a +0 helmet (worn)
 p - a +1 pair of gloves (worn)
Comestibles
 f - 2 bread rations
 q - a slice of pizza
 A - 3 chunks of orc flesh
 B - a rambutan
Scrolls
 h - a scroll of identify
 j - a scroll of enchant weapon II {unknown}
 n - a scroll of remove curse
 r - a scroll of fog {unknown}
 s - a scroll of recharging {unknown}
 t - a scroll of immolation {unknown}
 u - a scroll of amnesia {unknown}
 v - a scroll of enchant weapon I {unknown}
 w - 2 scrolls of magic mapping {unknown}
Jewellery
 g - a +1 ring of dexterity (left hand)
 i - a +4 ring of intelligence
 y - a ring of see invisible (right hand)
 C - an uncursed amulet of faith
Potions
 k - 2 potions of haste
 l - 2 potions of curing {unknown}
 m - a potion of lignification {unknown}
 o - 2 potions of heal wounds {unknown}
 x - a potion of poison {unknown}
 z - a potion of agility {unknown}


   Skills:
 - Level 2.0 Fighting
 + Level 5.1 Staves
 - Level 2.0 Throwing
 - Level 3.0 Dodging


You had 3 spell levels left.
You didn't know any spells.

Dungeon Overview and Level Annotations

Branches:
Dungeon (3/15)

Altars:

Annotations:
D:2 Grinder


Message History

You hit the orc.
The orc is almost dead.
The orc closely misses you. The orc hits you with a runed mace.
The orc hits you but does no damage.
You are feeling hungry.
Grinder gestures.
Grinder blinks!
The orc hits you but does no damage.
There is a stone staircase leading up here.
The orc barely misses you. x2
Grinder barely misses you.
You climb upwards.
There is a stone staircase leading down here.
Read which item? (? for menu, Esc to quit)
As you read the scroll labeled SCHEJUI STRUSCH, it crumbles to dust.
You feel blessed for a moment.
It was a scroll of remove curse.
Grinder gestures at you.
You suddenly lose the ability to move!
The orc hits you with a runed mace!
* * * LOW HITPOINT WARNING * * *
Grinder hits you.
You die...

..#.#............##.(..#####.##..
..###............##....## #.##..
......######.#..........# #.###.
############.#...##.....####.###.
#..........#...##...........###
###.###..........###......##..###
......+...................##.%...
....###.......#%#######...##...##
...............5@................
....###.......##.o.#.########..##
##### #.......##...#.# #.... #
#.......#......########.###
#.......#......#...........
###.......#......#.######.###
#.........#......#.#.........
#.......###......#.#.###...##
#.......# ##.....#.#.# #.....


You could see Grinder and an orc.

Vanquished Creatures
  4 adders (D:2)
  A giant gecko (D:2)
  2 orcs (D:3)
  4 goblins
  7 hobgoblins
  2 quokkas (D:2)
  6 bats
  4 giant cockroaches
  5 giant newts
  7 kobolds
  9 rats
51 creatures vanquished.

Notes
Turn   | Place    | Note
--------------------------------------------------------------
     0 | D:1      | Qrupt, the Human Gladiator, began the quest for the Orb.
     0 | D:1      | Reached XP level 1. HP: 16/16 MP: 1/1
   348 | D:1      | Reached XP level 2. HP: 19/22 MP: 2/2
   720 | D:1      | Reached skill level 4 in Staves
   720 | D:1      | Reached XP level 3. HP: 27/27 MP: 3/3
  1093 | D:2      | Reached XP level 4. HP: 33/33 MP: 4/4
  1421 | D:2      | Reached skill level 5 in Staves
  1641 | D:3      | Noticed Grinder
  1657 | D:2      | Paralysed by Grinder for 2 turns
  1658 | D:2      | Slain by Grinder

Action                   |  1- 3 |  4- 6 || total
-------------------------+-------+-------++-------
Melee: Quarterstaff      |    93 |    50 ||   143
Throw: Throwing net      |     1 |       ||     1
  Use: Scroll            |       |     2 ||     2
 Stab: Held in net/web   |     1 |       ||     1
       Sleeping          |       |     1 ||     1
